 Dungeon Crawl Stone Soup version 0.25.0-11-g1f837a7 (webtiles) character file.

Game seed: 10356137436116699906

11146 shmeve the Cleaver (level 11, -1/89 HPs)
             Began as a Gnoll Berserker on June 24, 2020.
             Was a High Priest of Trog.
             Slain by a vampire (8 damage)
             ... on level 11 of the Dungeon.
             The game lasted 00:29:51 (12223 turns).

shmeve the Cleaver (Gnoll Berserker)               Turns: 12223, Time: 00:29:51

Health: -1/89      AC: 21    Str: 22    XL:     11   Next: 73%
Magic:  20/20      EV: 11    Int: 13    God:    Trog [*****.]
Gold:   33         SH:  6    Dex: 15    Spells: 22/22 levels left

rFire    . . .     SeeInvis .   a - +0 hand axe
rCold    . . .     Gourm    .   H - +0 buckler
rNeg     . . .     Faith    .   L - +0 plate armour
rPois    .         Spirit   .   A - +0 helmet {Int+3}
rElec    .         Reflect  .   y - +2 cloak {rCorr}
rCorr    +         Harm     .   t - +0 pair of gloves
MR       ++...                  h - +0 pair of boots
Stlth    ..........             R - amulet of regeneration
HPRegen  1.64/turn              (no ring)
MPRegen  0.17/turn              (no ring)

@: berserk cooldown, regenerating, slowed, very slow
A: distributed training, fangs 1, strong nose
a: Berserk, Trog's Hand, Brothers in Arms, Renounce Religion


You were on level 11 of the Dungeon.
You worshipped Trog.
Trog was extremely pleased with you.
You were near starving.

You visited 1 branch of the dungeon, and saw 11 of its levels.
You also visited: Bailey.

You collected 588 gold pieces.
You spent 555 gold pieces at shops.

Inventory:

Hand Weapons
 a - a +0 hand axe (weapon)
 m - a +0 hunting sling
Missiles
 l - 50 poisoned darts (quivered)
 q - 81 sling bullets
 I - 25 javelins
 P - 11 throwing nets
Armour
 h - a +0 pair of boots (worn)
 t - a +0 pair of gloves (worn)
 y - a +2 cloak of preservation (worn)
 A - a +0 helmet of intelligence (worn)
 H - a +0 buckler (worn)
 L - a +0 plate armour (worn)
Jewellery
 R - an amulet of regeneration (around neck)
Wands
 n - a wand of digging (4)
 F - a wand of flame (17)
 K - a wand of polymorph (15)
Scrolls
 f - 2 scrolls of magic mapping {unknown}
 g - 14 scrolls of identify
 j - 8 scrolls of remove curse {unknown}
 k - 3 scrolls of immolation {unknown}
 s - 4 scrolls of teleportation {unknown}
 u - a scroll of enchant armour {unknown}
 x - 3 scrolls of fog {unknown}
 B - 3 scrolls of enchant weapon {unknown}
 D - 2 scrolls of fear {unknown}
 E - a scroll of blinking {unknown}
 G - 2 scrolls of random uselessness {unknown}
 J - a scroll of summoning {unknown}
 M - a scroll of acquirement {unknown}
 O - a scroll of amnesia {unknown}
Potions
 d - 2 potions of mutation {unknown}
 e - 2 potions of berserk rage {unknown}
 i - a potion of flight {unknown}
 o - 2 potions of stabbing {unknown}
 r - 3 potions of lignification {unknown}
 v - a potion of invisibility {unknown}
 w - a potion of cancellation {unknown}
 z - a potion of brilliance {unknown}
 C - 3 potions of curing {unknown}
 N - a potion of degeneration {unknown}
 Q - 2 potions of ambrosia {unknown}
Comestibles
 c - 14 rations
 p - 5 chunks of flesh


   Skills:
 + Level 9.3 Fighting
 + Level 6.4 Short Blades
 + Level 6.4 Long Blades
 + Level 9.3 Axes
 + Level 6.4 Maces & Flails
 + Level 6.4 Polearms
 + Level 6.4 Staves
 + Level 6.4 Slings
 + Level 6.4 Bows
 + Level 6.4 Crossbows
 + Level 6.4 Throwing
 + Level 8.0 Armour
 + Level 8.0 Dodging
 + Level 6.4 Stealth
 + Level 6.4 Shields
 + Level 6.4 Unarmed Combat
 + Level 6.4 Spellcasting
 + Level 5.3 Conjurations
 + Level 5.3 Hexes
 + Level 5.3 Charms
 + Level 5.3 Summonings
 + Level 5.3 Necromancy
 + Level 5.3 Translocations
 + Level 5.3 Transmutations
 + Level 5.3 Fire Magic
 + Level 5.3 Ice Magic
 + Level 5.3 Air Magic
 + Level 5.3 Earth Magic
 + Level 5.3 Poison Magic
 + Level 7.1 Invocations
 + Level 6.4 Evocations


You had 22 spell levels left.
You didn't know any spells.
Your spell library was empty.

Dungeon Overview and Level Annotations

Branches:
Dungeon (11/15)            Temple (0/1) D:6            Lair (0/6) D:10
 Bailey (visited)
    Orc: D:9-12

Altars:
Ashenzari
Dithmenos
Elyvilon
Gozag
Kikubaaqudgha
Makhleb
Nemelex Xobeh
Ru
Vehumet
Zin

Shops:
D:4 [   D:9 (=


Innate Abilities, Weirdness & Mutations

Your experience applies equally to all skills.
You have very sharp teeth.
Your uncanny sense of smell can sniff out nearby items.


Message History

The troll claws you!
* * * LOW HITPOINT WARNING * * *
The troll claws you.
* * * LOW HITPOINT WARNING * * *
You hit the centaur but do no damage.
The centaur is almost dead.
You hit the troll. You miss something. The centaur closely misses you.
Something hits you.
* * * LOW HITPOINT WARNING * * *
Something bites you.
* * * LOW HITPOINT WARNING * * *
Something draws strength from your injuries!
The troll completely misses you. The troll claws you.
* * * LOW HITPOINT WARNING * * *
The troll barely misses you. The centaur misses you.
You hit the centaur but do no damage.
The centaur is almost dead.
You closely miss the troll. You barely miss something.
You block something's attack. Something bites you!
You die...

.............#
...?.........#
.............#
.............#
.../.........#
.............#
...........<.#
......Tc{†...#
.......@.....#
..>......)...#
#............#
##...........#
#...........#
#...........#
#...........#
#...........#


You could see a troll and a centaur.

Vanquished Creatures
  4 two-headed ogres
  A troll (D:11)
  Prince Ribbit (D:5)
  2 wyverns
  8 yaks
  A hungry ghost (D:9)
  Edmund (D:4)
  A water moccasin (D:6)
  3 ice beasts
  A sky beast (D:7)
  An eye of draining (D:9)
  10 orc warriors
  A black bear (D:8)
  2 phantoms
  10 centaurs
  7 ogres
  A necrophage (D:7)
  2 big kobolds
  7 bullfrogs
  4 gnoll sergeants (D:9)
  3 scorpions
  2 water moccasin skeletons
  6 wights
  4 howler monkeys
  3 crimson imps
  8 hounds
  A quasit (D:7)
  A bullfrog skeleton (D:7)
  2 gnoll shamans (D:9)
  2 orc priests (D:4)
  5 iguanas
  11 orc wizards
  7 worker ants
  A howler monkey skeleton (D:7)
  20 gnolls (D:9)
  18 adders
  6 shadow imps
  2 oozes
  3 adder skeletons (D:7)
  A worm (D:3)
  2 dart slugs
  6 leopard geckos
  48 orcs
  2 bat zombies (D:2)
  3 giant cockroaches (D:1)
  8 goblins
  4 hobgoblins
  15 jackals
  14 kobolds
  6 quokkas
  A ball python (D:1)
  8 bats
  2 frilled lizards
  A leopard gecko skeleton (D:8)
  6 rats
300 creatures vanquished.

Vanquished Creatures (collateral kills)
  2 orc warriors (Bailey)
  An orc (Bailey)
3 creatures vanquished.

Grand Total: 303 creatures vanquished

Notes
Turn   | Place    | Note
-------+----------+-------------------------------------------
     0 | D:1      | shmeve the Gnoll Berserker began the quest for the Orb.
     0 | D:1      | Reached XP level 1. HP: 23/23 MP: 1/1
   288 | D:1      | Reached XP level 2. HP: 26/29 MP: 2/2
   738 | D:1      | Reached XP level 3. HP: 32/35 MP: 3/3
  1094 | D:2      | Reached skill level 1 in Invocations
  1279 | D:2      | Reached skill level 1 in Short Blades
  1279 | D:2      | Reached skill level 1 in Long Blades
  1279 | D:2      | Reached skill level 1 in Maces & Flails
  1279 | D:2      | Reached skill level 1 in Polearms
  1279 | D:2      | Reached skill level 1 in Staves
  1279 | D:2      | Reached skill level 1 in Slings
  1279 | D:2      | Reached skill level 1 in Bows
  1279 | D:2      | Reached skill level 1 in Crossbows
  1279 | D:2      | Reached skill level 1 in Throwing
  1279 | D:2      | Reached skill level 1 in Stealth
  1279 | D:2      | Reached skill level 1 in Shields
  1279 | D:2      | Reached skill level 1 in Unarmed Combat
  1279 | D:2      | Reached skill level 1 in Spellcasting
  1279 | D:2      | Reached skill level 1 in Evocations
  1282 | D:2      | Reached ** piety under Trog
  1533 | D:2      | Reached XP level 4. HP: 31/41 MP: 5/5
  1726 | D:2      | Found an ancient bone altar of Kikubaaqudgha.
  1831 | D:2      | Found a burning altar of Makhleb.
  1837 | D:2      | Reached skill level 1 in Conjurations
  1837 | D:2      | Reached skill level 1 in Hexes
  1837 | D:2      | Reached skill level 1 in Charms
  1837 | D:2      | Reached skill level 1 in Summonings
  1837 | D:2      | Reached skill level 1 in Necromancy
  1837 | D:2      | Reached skill level 1 in Translocations
  1837 | D:2      | Reached skill level 1 in Transmutations
  1837 | D:2      | Reached skill level 1 in Fire Magic
  1837 | D:2      | Reached skill level 1 in Ice Magic
  1837 | D:2      | Reached skill level 1 in Air Magic
  1837 | D:2      | Reached skill level 1 in Earth Magic
  1837 | D:2      | Reached skill level 1 in Poison Magic
  1837 | D:2      | Reached XP level 5. HP: 40/47 MP: 6/6
  2803 | D:3      | Reached *** piety under Trog
  3062 | D:4      | Reached XP level 6. HP: 36/53 MP: 8/8
  3273 | D:4      | Reached skill level 5 in Armour
  3273 | D:4      | Reached skill level 5 in Dodging
  3393 | D:4      | Noticed a phantom
  3406 | D:4      | Killed a phantom
  3428 | D:4      | Reached XP level 7. HP: 47/59 MP: 10/10
  3633 | D:4      | Noticed Edmund
  3647 | D:4      | Killed Edmund
  3718 | D:4      | Found Mygimp's Antique Armour Shoppe.
  3726 | D:4      | Bought a glowing helmet for 165 gold pieces
  4022 | D:5      | Entered Level 5 of the Dungeon
  4279 | D:5      | Reached XP level 8. HP: 28/67 MP: 12/12
  4814 | D:5      | Noticed Prince Ribbit
  4828 | D:5      | Killed Prince Ribbit
  5077 | D:6      | Reached **** piety under Trog
  5291 | D:6      | Found a staircase to the Ecumenical Temple.
  5470 | D:6      | Found a glowing silver altar of Zin.
  5510 | D:6      | Reached XP level 9. HP: 37/72 MP: 14/14
  6026 | D:7      | Found an opulent altar of Gozag.
  6207 | D:7      | Found a flagged portal.
  6216 | Bailey   | Entered a bailey
  7064 | Bailey   | Reached skill level 5 in Invocations
  7454 | Bailey   | Reached XP level 10. HP: 61/80 MP: 17/17
  8488 | D:7      | Reached skill level 5 in Short Blades
  8488 | D:7      | Reached skill level 5 in Long Blades
  8488 | D:7      | Reached skill level 5 in Maces & Flails
  8488 | D:7      | Reached skill level 5 in Polearms
  8488 | D:7      | Reached skill level 5 in Staves
  8488 | D:7      | Reached skill level 5 in Slings
  8488 | D:7      | Reached skill level 5 in Bows
  8488 | D:7      | Reached skill level 5 in Crossbows
  8488 | D:7      | Reached skill level 5 in Throwing
  8488 | D:7      | Reached skill level 5 in Stealth
  8488 | D:7      | Reached skill level 5 in Shields
  8488 | D:7      | Reached skill level 5 in Unarmed Combat
  8488 | D:7      | Reached skill level 5 in Spellcasting
  8488 | D:7      | Reached skill level 5 in Evocations
  8746 | D:8      | Found a shadowy altar of Dithmenos.
  8746 | D:8      | Found a faded altar of an unknown god.
  8751 | D:8      | Found a radiant altar of Vehumet.
  8753 | D:8      | Found a faded altar of an unknown god.
  8756 | D:8      | Found a white marble altar of Elyvilon.
  8790 | D:8      | Found a shattered altar of Ashenzari.
  8879 | D:8      | Noticed a two-headed ogre
  8891 | D:8      | Killed a two-headed ogre
  9075 | D:9      | Noticed a two-headed ogre
  9089 | D:9      | Killed a two-headed ogre
  9095 | D:9      | Reached XP level 11. HP: 86/86 MP: 19/19
  9105 | D:9      | Reached ***** piety under Trog
  9270 | D:9      | You fall into a shaft and drop 1 floor!
  9270 | D:10     | Entered Level 10 of the Dungeon
  9270 | D:10     | Found a staircase to the Lair.
  9719 | D:10     | Reached skill level 5 in Conjurations
  9719 | D:10     | Reached skill level 5 in Hexes
  9719 | D:10     | Reached skill level 5 in Charms
  9719 | D:10     | Reached skill level 5 in Summonings
  9719 | D:10     | Reached skill level 5 in Necromancy
  9719 | D:10     | Reached skill level 5 in Translocations
  9719 | D:10     | Reached skill level 5 in Transmutations
  9719 | D:10     | Reached skill level 5 in Fire Magic
  9719 | D:10     | Reached skill level 5 in Ice Magic
  9719 | D:10     | Reached skill level 5 in Air Magic
  9719 | D:10     | Reached skill level 5 in Earth Magic
  9719 | D:10     | Reached skill level 5 in Poison Magic
 10466 | D:10     | Noticed a two-headed ogre
 10479 | D:10     | Killed a two-headed ogre
 10479 | D:10     | Received a gift from Trog
 11691 | D:9      | Found Umotuz's Weapon Shop.
 11986 | D:9      | Found a sacrificial altar of Ru.
 12045 | D:9      | Found Xaefroc's Jewellery Emporium.
 12049 | D:9      | Bought an uncursed amulet of regeneration for 390 gold
                  | pieces
 12085 | D:9      | Found a sparkling altar of Nemelex Xobeh.
 12086 | D:9      | Found an opulent altar of Gozag.
 12180 | D:11     | Noticed a two-headed ogre
 12193 | D:11     | Killed a two-headed ogre
 12223 | D:11     | Slain by a vampire

Illustrated notes

Levels and vault maps discovered:
D:1:      dpeg_arrival_simpleton_c, layout_basic, minmay_tromino_i4
D:2:      kb_forest_paths, layout_basic, lemuel_zombie_altar_kikubaaqudgha,
          makhleb_heckhound_becter, columned_hall_lemuel
D:3:      layout_loops_ring, first_ration, serial_bayou_ford_a
D:4:      kennysheep_big_flooded_room, layout_loops_ring, serial_shops,
          nicolae_shop_overgrown_old_shop, uniq_edmund
D:5:      layout_cave_pools, minivault_11, uniq_prince_ribbit1
D:6:      layout_basic, old_standard_altar, minmay_temple_entry_arrows,
          minmay_microvault
D:7:      cheibrodos_barr_body, layout_basic, enter_bailey_8, basic_altar
D:8:      layout_basic, chequers_temple_overflow_minitemple, basic_altar
D:9:      layout_cave_pools, grunt_temple_overflow_opulence,
          nicolae_ru_awakened_eye, serial_gnoll_camp, gnoll_camp_huts_basic,
          gnoll_camp_medium_02, gnoll_camp_mini_shop, gnoll_camp_mini_basic,
          serial_shops, nicolae_shop_statue_plus
D:10:     layout_irregular_city, dpeg_oklobed_lair
D:11:     layout_layer_cave, gammafunk_ghost_nasty_kobolds, basic_altar

Skill      XL: |  1  2  3  4  5  6  7  8  9 10 11 |
---------------+----------------------------------+-----
Invocations    | 1 2 3 4 5 6 7 |  7.1
Short Blades   | 1 2 3 4 5 6 |  6.4
Long Blades    | 1 2 3 4 5 6 |  6.4
Maces & Flails | 1 2 3 4 5 6 |  6.4
Polearms       | 1 2 3 4 5 6 |  6.4
Staves         | 1 2 3 4 5 6 |  6.4
Slings         | 1 2 3 4 5 6 |  6.4
Bows           | 1 2 3 4 5 6 |  6.4
Crossbows      | 1 2 3 4 5 6 |  6.4
Throwing       | 1 2 3 4 5 6 |  6.4
Stealth        | 1 2 3 4 5 6 |  6.4
Shields        | 1 2 3 4 5 6 |  6.4
Unarmed Combat | 1 2 3 4 5 6 |  6.4
Spellcasting   | 1 2 3 4 5 6 |  6.4
Evocations     | 1 2 3 4 5 6 |  6.4
Conjurations   | 1 2 3 4 5 |  5.3
Hexes          | 1 2 3 4 5 |  5.3
Charms         | 1 2 3 4 5 |  5.3
Summonings     | 1 2 3 4 5 |  5.3
Necromancy     | 1 2 3 4 5 |  5.3
Translocations | 1 2 3 4 5 |  5.3
Transmutations | 1 2 3 4 5 |  5.3
Fire Magic     | 1 2 3 4 5 |  5.3
Ice Magic      | 1 2 3 4 5 |  5.3
Air Magic      | 1 2 3 4 5 |  5.3
Earth Magic    | 1 2 3 4 5 |  5.3
Poison Magic   | 1 2 3 4 5 |  5.3
Armour         | 5 6 7 8 |  8.0
Dodging        | 5 6 7 8 |  8.0
Fighting       | 7 8 9 |  9.3
Axes           | 7 8 9 |  9.3

Action                   |  1- 3 |  4- 6 |  7- 9 | 10-12 || total
-------------------------+-------+-------+-------+-------++-------
Melee: Hand axe          |    98 |   114 |   291 |   568 ||  1071
       Bite              |     7 |    13 |    32 |    84 ||   136
       Punch             |       |       |     2 |     4 ||     6
 Fire: Fustibalus        |       |    37 |   184 |    17 ||   238
       Hunting sling     |       |       |       |    52 ||    52
Throw: Dart              |    12 |     6 |     9 |     1 ||    28
Invok: Berserk           |       |     1 |     9 |     9 ||    19
       Trog's Hand       |       |       |     2 |     6 ||     8
       Brothers in Arms  |       |       |     1 |       ||     1
  Use: Scroll            |       |       |     3 |       ||     3
       Potion            |       |       |       |     4 ||     4
  Eat: Chunk             |     2 |     7 |    18 |    24 ||    51
       Ration            |       |       |     1 |     1 ||     2
Armor: Animal skin       |    14 |       |       |       ||    14
       Chain mail        |    18 |    64 |   155 |       ||   237
       Plate armour      |       |       |     3 |   440 ||   443
Dodge: Dodged            |    95 |    60 |   149 |   343 ||   647
Block: Buckler           |       |       |       |   149 ||   149
